 Dungeon Crawl Stone Soup version 0.30-a0-170-g85af917532 (webtiles) character file.

Game seed: 15932987300861133200

23542 jlumianski the Carver (level 12, -24/92 HPs)
             Began as a Demonspawn Gladiator on Sept 30, 2022.
             Was a Priest of Qazlal.
             Annihilated by a very large slime creature (48 damage)
             ... on level 12 of the Dungeon.
             The game lasted 01:29:29 (18307 turns).

jlumianski the Carver (Demonspawn Gladiator)       Turns: 18307, Time: 01:29:33

Health: -24/92     AC: 34    Str: 22    XL:     12   Next: 72%
Magic:  11/16      EV:  9    Int: 10    God:    Qazlal [***...]
Gold:   1600       SH:  9    Dex: 17    Spells: 11/11 levels left

rFire   + . .      SeeInvis .    D - +8 triple sword "Faq Jed" {freeze, rF+}
rCold   . . .      Faith    .    (shield currently unavailable)
rNeg    . . .      Spirit   .    m - +5 plate armour of the Stag {Dex+2 Slay+4}
rPois   .          Reflect  +    (helmet restricted)
rElec   .          Harm     .    F - +2 cloak {Will+}
rCorr   .          Rampage  .    (no gloves)
Will    +....                    x - +2 pair of boots
Stlth   ..........               K - amulet "Zaotil" {Reflect Str+3 SH+5}
HPRegen 0.25/turn                I - ring of flight
MPRegen 0.15/turn                (no ring)

@: sanguine armoured, flying
A: horns 1, demonic guardian 2, powered by pain 1, sanguine armour 2
a: Renounce Religion, Upheaval, Elemental Force


You were on level 12 of the Dungeon.
You worshipped Qazlal.
Qazlal was most pleased with you.
You visited 2 branches of the dungeon, and saw 13 of its levels.
You also visited: Bailey.

You collected 1600 gold pieces.

Inventory:

Hand Weapons
 a - a +0 war axe
 b - a +4 battleaxe
 c - a +0 executioner's axe
 o - a +1 morningstar of protection
 t - a +2 vampiric triple sword
 B - a +0 glaive
 D - the +8 triple sword "Faq Jed" (weapon) {freeze, rF+}
   (You found it in a bailey)

   It freezes those it strikes, dealing additional cold damage.
   It can also slow down cold-blooded creatures.
   rF:        It protects you from fire.
 L - the +3 war axe "Woama" {elec, rPois rF- rN+++ Dex-5}
   (You acquired it on level 10 of the Dungeon)

   It occasionally discharges a powerful burst of electricity upon striking a
   foe.
   Dex:       It affects your dexterity (-5).
   rF:        It makes you vulnerable to fire.
   rPois:     It protects you from poison.
   rN:        It renders you almost immune to negative energy.
 Y - a +3 scimitar of flaming
Missiles
 d - 6 throwing nets
 e - 38 javelins
 i - 28 poisoned darts
 r - 3 atropa-tipped darts
 s - 4 boomerangs (quivered)
 C - a boomerang of dispersal
Armour
 f - a +0 kite shield
 m - the +5 plate armour of the Stag (worn) {Dex+2 Slay+4}
   (You acquired it on level 9 of the Dungeon)

   Dex:       It affects your dexterity (+2).
   Slay:      It affects your accuracy & damage with ranged weapons and melee
   (+4).
 v - a +0 plate armour
 x - a +2 pair of boots (worn)
 F - a +2 cloak of willpower (worn)
 Q - the +3 scale mail "Ytheggoss" {Rampage rN+ Will+ Int-4}
   (You took it off a death knight on level 9 of the Dungeon)

   Int:       It affects your intelligence (-4).
   rN:        It protects you from negative energy.
   Rampage:   It bestows one free step when moving towards enemies.
   Will:      It increases your willpower.
 S - the +1 ring mail of Indomitability {+Inv Int+7 Dex+2}
   (You took it off an orc priest on level 10 of the Dungeon)

   Int:       It affects your intelligence (+7).
   Dex:       It affects your dexterity (+2).
   +Inv:      It lets you turn invisible.
Jewellery
 q - a ring of ice
 I - a ring of flight (left hand)
 J - a ring of positive energy
 K - the amulet "Zaotil" (around neck) {Reflect Str+3 SH+5}
   (You acquired it on level 10 of the Dungeon)

   [amulet of reflection]

   It reflects blocked missile attacks.
   Str:       It affects your strength (+3).
   SH:        It affects your SH (+5).
 P - a ring of positive energy
 R - a ring of resist corrosion
 T - a ring of protection from cold
Wands
 k - a wand of mindburst (6)
 V - a wand of light (3)
Scrolls
 h - 2 scrolls of magic mapping
 l - a scroll of poison
 p - 3 scrolls of teleportation
 y - 2 scrolls of enchant armour
 E - 4 scrolls of enchant weapon
 M - a scroll of blinking
 N - a scroll of butterflies
 O - a scroll of fear
 U - a scroll of identify
Potions
 g - 3 potions of lignification
 j - a potion of attraction
 u - a potion of curing
 w - 2 potions of resistance
 z - 2 potions of might
 A - 2 potions of brilliance
 G - a potion of haste
 H - a potion of heal wounds
 W - a potion of magic
Miscellaneous
 n - a phial of floods
 X - a box of beasts


   Skills:
 + Level 7.9 Fighting
 * Level 9.9 Long Blades
 - Level 9.0 Axes
 - Level 0.8(5.6) Polearms
 + Level 5.5 Throwing
 + Level 8.0 Armour
 - Level 5.6 Dodging
 + Level 4.7 Stealth
 - Level 1.3 Shields
 - Level 5.8 Invocations
 * Level 6.6 Evocations


You had 11 spell levels left.
You didn't know any spells.
Your spell library contained the following spells:

 Spells                   Type           Power      Damage    Failure   Level
 Sting                    Tmut/Pois      0%         1d3       99%         1
 Hailstorm                Conj/Ice       0%         3d3       100%        3
 Ignite Poison            Fire/Tmut/Pois 0%         N/A       100%        3
 Ice Form                 Ice/Tmut       0%         N/A       100%        4
 Alistair's Intoxication  Tmut/Pois      0%         N/A       100%        5
 Borgnjor's Vile Clutch   Necr/Erth      0%         N/A       100%        5
 Irradiate                Conj/Tmut      0%         3d11      100%        5
 Yara's Violent Unravell  Hex/Tmut       0%         3d3       100%        5
 Eringya's Noxious Bog    Tmut/Pois      0%         N/A       100%        6
 Simulacrum               Ice/Necr       0%         N/A       100%        6


Dungeon Overview and Level Annotations

Branches:
Dungeon (12/15)            Temple (1/1) D:6            Lair (0/5) D:8
 Bailey (visited)
    Orc: D:9-12

Altars:
Cheibriados
Dithmenos
Fedhas
Gozag
Hepliaklqana
Kikubaaqudgha
Makhleb
Okawaru
Qazlal
Ru
Sif Muna
Trog
Uskayaw
Vehumet
Xom
Yredelemnul

Shops:
D:10 *   D:11 *


Innate Abilities, Weirdness & Mutations

You have a pair of small horns on your head.
A demonic guardian rushes to your aid.
You sometimes gain a little power by taking damage.
When seriously injured, your blood forms thick armour. (AC +9)


Message History

The slime creature is engulfed in blazing flames.
You hit the slime creature but do no damage.
The slime creature is lightly wounded.
You block the slime creature's attack.
You slice the slime creature!! You freeze the slime creature.
You headbutt the slime creature.
The slime creature is heavily wounded.
The slime creature hits you but does no damage.
You slice the slime creature!! You freeze the slime creature.
You kill the slime creature!
Qazlal accepts your kill.
A slime creature comes into view.
You slash the slime creature! You freeze the slime creature.
You headbutt the slime creature!
The slime creature is moderately wounded.
A slime creature comes into view.
The slime creature hits you.
You slice the slime creature!! You freeze the slime creature!
The slime creature is almost dead.
Two slime creatures merge to form a large slime creature.
A slime creature comes into view.
You slice the large slime creature!! You freeze the large slime creature.
You headbutt the large slime creature.
The large slime creature is severely wounded.
Two slime creatures merge to form a very large slime creature.
The very large slime creature hits you!!!
Ouch! That really hurt!
Your blood congeals into armour.
There is an open door here.
The very large slime creature attacks as you move away!
The very large slime creature hits you!!
* * * LOW HITPOINT WARNING * * *
Activating: Elemental Force (8% risk of failure)
Press: ? - help, Dir - look around, f - activate Clouds arounds you coalesce and take form!
The storm surrounding you is now too weak to repel missiles.
You will no longer adapt resistances upon receiving elemental damage.
The very large slime creature hits you!!!
Ouch! That really hurt!
You die...

#...# ... #.# #.#
#.# #.# #.# ##'##
..# ##§..## #
#.###...○.## ##.#
#.##.E.J...##
###...##.#....@.○>.#
.............E☼...+
##...##.#.........#
##.. #.##.......##
#.##.###.....##
#....###....##
#........#+##
##[####### #.# #.#


You could see a very large slime creature (ally target), a friendly earth
elemental (summoned) and a friendly fire elemental (summoned).

Vanquished Creatures
  Azrael (D:11)
  A centaur warrior (D:10)
  A boulder beetle (D:11)
  3 two-headed ogres
  A tengu warrior (D:10)
  A skeletal warrior (D:11)
  A glowing orange brain (shapeshifter) (D:10)
  Pikel (D:6)
  An orc sorcerer (D:11)
  2 ugly things
  A manticore (D:10)
  A salamander (shapeshifter) (D:11)
  2 cyclopes
  An elephant (D:7)
  An unseen horror (D:11)
  2 komodo dragons
  A kobold demonologist (D:9)
  3 trolls
  Prince Ribbit (D:5)
  2 slime creatures
  A shadow (D:9)
  3 wyverns
  3 basilisks
  5 fire elementals
  3 vampire mosquitoes
  Grum (D:10)
  Menkaure (D:6)
  3 acid dragons (D:10)
  Duvessa (D:7)
  A hell hound (D:11)
  A sky beast (D:7)
  12 orc warriors
  3 black bears
  A wolf (D:10)
  17 centaurs
  An ogre (D:5)
  A lemure (D:6)
  3 kobold brigands
  3 bullfrogs
  A gnoll sergeant (D:8)
  4 necrophages
  4 scorpions
  12 wights
  Dowan (D:7)
  16 killer bees
  4 howler monkeys
  15 hounds
  8 orc priests
  Crazy Yiuf (D:7)
  3 jellies
  15 orc wizards
  Ijyb (D:3)
  3 iguanas
  15 gnolls
  9 adders
  2 white imps (D:5)
  2 ufetubi
  A worm (D:4)
  7 dart slugs
  55 orcs
  3 bats
  9 endoplasms
  4 giant cockroaches
  9 hobgoblins
  4 jackals (D:10)
  22 kobolds
  5 quokkas
  7 ball pythons
  A frilled lizard (D:3)
  8 goblins
  7 rats
350 creatures vanquished.

Vanquished Creatures (collateral kills)
  A storm dragon (D:11)
  A death knight (D:9)
  A yak (D:8)
  3 orc warriors
  A black bear (D:4)
  A centaur (D:8)
  A killer bee (D:6)
  2 howler monkeys (D:10)
  An orc priest (D:6)
  A gnoll bouda (D:7)
  3 orcs
  2 kobolds
18 creatures vanquished.

Vanquished Creatures (others)
  A wizard (D:10)
  A gnoll (D:10)
  A plant (D:8)
3 creatures vanquished.

Grand Total: 371 creatures vanquished

Notes
Turn   | Place    | Note
-------+----------+-------------------------------------------
     0 | D:1      | jlumianski the Demonspawn Gladiator began the quest for the
                  | Orb.
     0 | D:1      | Reached XP level 1. HP: 16/16 MP: 1/1
   256 | D:1      | Gained mutation: You sometimes gain a little power by
                  | taking damage. [demonic ancestry]
   256 | D:1      | Reached XP level 2. HP: 22/22 MP: 2/2
   573 | D:1      | Gained mutation: A weak demonic guardian rushes to your
                  | aid. [demonic ancestry]
   573 | D:1      | Reached XP level 3. HP: 27/27 MP: 3/3
   624 | D:1      | Found a faded altar of an unknown god.
   745 | D:2      | Found a hide-covered altar of Uskayaw.
  1598 | D:3      | Noticed a scorpion
  1618 | D:2      | Killed a scorpion
  1619 | D:2      | Reached skill level 1 in Armour
  1619 | D:2      | Reached XP level 4. HP: 8/34 MP: 4/4
  1619 | D:2      | Reached skill level 5 in Fighting
  1619 | D:2      | Reached skill level 5 in Axes
  1619 | D:2      | Reached skill level 5 in Dodging
  1619 | D:2      | Reached XP level 5. HP: 11/44 MP: 5/5
  1627 | D:2      | HP: 1/44 [poisoned by a scorpion]
  2893 | D:3      | Gained mutation: When seriously injured, your blood forms
                  | armour. (AC +9) [demonic ancestry]
  2893 | D:3      | Reached XP level 6. HP: 51/51 MP: 6/6
  2895 | D:3      | Noticed Ijyb
  2984 | D:3      | Killed Ijyb
  3457 | D:3      | You fall into a shaft and drop 1 floor!
  3996 | D:4      | Found a shadowy altar of Dithmenos.
  4140 | D:4      | Reached XP level 7. HP: 56/56 MP: 7/7
  4154 | D:5      | Entered Level 5 of the Dungeon
  4423 | D:4      | Found an ancient bone altar of Kikubaaqudgha.
  4609 | D:5      | Noticed Prince Ribbit
  4626 | D:5      | Killed Prince Ribbit
  4664 | D:7      | Noticed Pikel
  4995 | D:4      | Reached XP level 8. HP: 16/63 MP: 8/8
  5243 | D:4      | Reached skill level 5 in Throwing
  5243 | D:4      | Reached skill level 5 in Armour
  5401 | D:5      | Found a basalt altar of Yredelemnul.
  5766 | D:7      | Noticed Duvessa
  5766 | D:7      | Noticed Dowan
  6306 | D:6      | Found a staircase to the Ecumenical Temple.
  6308 | D:6      | Noticed Menkaure
  6326 | D:6      | Killed Menkaure
  6351 | Temple   | Entered the Ecumenical Temple
  6368 | Temple   | Became a worshipper of Qazlal Stormbringer
  6685 | D:7      | Killed Duvessa
  6686 | D:7      | Reached skill level 1 in Invocations
  6694 | D:7      | Killed Dowan
  6872 | D:7      | Gained mutation: You have a pair of small horns on your
                  | head. [demonic ancestry]
  6872 | D:7      | Reached XP level 9. HP: 62/69 MP: 10/10
  6894 | D:6      | Reached skill level 1 in Evocations
  7994 | D:6      | Killed Pikel
  8635 | D:7      | Reached * piety under Qazlal
  8714 | D:7      | Found a bloodstained altar of Trog.
  8750 | D:7      | Found a runed translucent door.
  8751 | D:7      | Noticed Crazy Yiuf
  8793 | D:7      | Found a hide-covered altar of Uskayaw.
  8826 | D:7      | Killed Crazy Yiuf
  9218 | D:8      | HP: 1/69 [killer bee (5)]
  9565 | D:8      | Gained mutation: When seriously injured, your blood forms
                  | thick armour. (AC +9) [demonic ancestry]
  9565 | D:8      | Reached XP level 10. HP: 24/76 MP: 11/13
  9853 | D:8      | Noticed an elephant
  9855 | D:8      | Found a staircase to the Lair.
  9902 | D:7      | Killed an elephant
 10232 | D:8      | Found a shimmering blue altar of Sif Muna.
 10472 | D:9      | Noticed a two-headed ogre
 10560 | D:7      | Reached ** piety under Qazlal
 10759 | D:8      | Found a burning altar of Makhleb.
 11009 | D:8      | Reached skill level 5 in Invocations
 12183 | D:9      | Identified a scroll of acquirement
 12183 | D:9      | Acquired the +5 plate armour of the Stag {Dex+2 Slay+4}
 12382 | D:10     | Entered Level 10 of the Dungeon
 12399 | D:10     | Found a flagged portal.
 12462 | Bailey   | Entered a bailey
 12509 | Bailey   | Reached *** piety under Qazlal
 12739 | Bailey   | Reached skill level 1 in Shields
 13769 | Bailey   | Reached XP level 11. HP: 61/83 MP: 10/15
 13898 | Bailey   | Identified the +8 triple sword "Faq Jed" {freeze, rF+}
 14186 | D:10     | Acquired the +3 war axe "Woama" {elec, rPois rF- rN+++
                  | Dex-5}
 14188 | D:10     | Acquired 638 gold pieces
 14189 | D:10     | Acquired the amulet "Zaotil" {Reflect Str+3 SH+5}
 14284 | D:10     | Reached skill level 1 in Long Blades
 14324 | D:10     | Noticed Grum
 14327 | D:10     | Killed Grum
 14573 | D:11     | Noticed a two-headed ogre
 14582 | D:11     | Killed a two-headed ogre
 14649 | D:11     | Noticed a two-headed ogre
 14652 | D:11     | Reached **** piety under Qazlal
 14655 | D:11     | Killed a two-headed ogre
 14912 | D:11     | Reached skill level 5 in Long Blades
 14912 | D:11     | Reached skill level 5 in Evocations
 14994 | D:11     | Found Nibb's Assorted Antiques.
 15066 | D:10     | Found Kunnofumm's Serpentskin Sales.
 15129 | D:10     | Noticed a two-headed ogre
 15131 | D:10     | Noticed a centaur warrior
 15295 | D:10     | Noticed a sixfirhy
 15300 | D:9      | Killed a two-headed ogre
 15634 | D:10     | Killed a centaur warrior
 15818 | D:10     | Identified the +3 scale mail "Ytheggoss" {Rampage rN+ Will+
                  | Int-4}
 15818 | D:10     | Noticed a death knight
 15837 | D:9      | Killed a death knight
 16033 | D:9      | Gained mutation: A demonic guardian rushes to your aid.
                  | [demonic ancestry]
 16033 | D:9      | Reached XP level 12. HP: 91/91 MP: 16/16
 16051 | D:10     | Identified the +1 ring mail of Indomitability {+Inv Int+7
                  | Dex+2}
 16088 | D:10     | Found a radiant altar of Vehumet.
 16708 | D:11     | Noticed a tengu warrior
 16748 | D:10     | Killed a tengu warrior
 16950 | D:11     | Noticed a storm dragon
 16959 | D:11     | Killed a storm dragon
 17422 | D:12     | Noticed a boulder beetle
 17454 | D:11     | Got the Handbook of Changing Vitiation
 17950 | D:12     | Noticed Azrael
 17962 | D:11     | Killed Azrael
 18152 | D:11     | Killed a boulder beetle
 18307 | D:12     | Annihilated by a very large slime creature

Illustrated notes

Levels and vault maps discovered:
D:1:      minmay_arrival_four_loops, layout_loops_cross,
          shapermc_ecumenical_altar_mp_vishouse
D:2:      layout_basic, basic_altar
D:3:      minmay_octagon_keep, layout_rooms, grunt_ministairs_13, uniq_ijyb
D:4:      layout_cave_pools, nicolae_dithmenos_through_a_glass_darkly,
          mainiacjoe_overflow_swirl, minivault_25
D:5:      layout_basic, amcnicky_altar_gilded, uniq_prince_ribbit1
D:6:      layout_loops_ring, minmay_temple_entry_nine_rooms, serial_glass,
          glass_columns_c, glass_columns_a, glass_columns_b, glass_columns_a,
          glass_columns_a, glass_columns_b, uniq_menkaure
D:7:      layout_cave_pools, lightli_temple_of_fire, lemuel_tele_altar,
          uniq_crazy_yiuf_cottage, uniq_pikel, uniq_duvessa
D:8:      minmay_flawed_box, layout_basic, led_sif_book,
          mainiacjoe_overflow_catwalk, david_lair_generic, minivault_1,
          hangedman_decor_clover_reticule
D:9:      layout_cross
D:10:     minmay_the_grid_octo_triangle [minmay_the_grid_octo_clover,
          minmay_the_grid_octo_prize_star, minmay_the_grid_octo_thin_diamonds],
          layout_cave_pools, mainiacjoe_overflow_concentric_impassable,
          serial_gnoll_camp, grums_kennel, gnoll_camp_mini_doghouse,
          gnoll_camp_mini_loothouse, gnoll_camp_mini_doghouse, enter_bailey_5,
          guppyfry_shop_venom
D:11:     minmay_shrinking_squares, layout_rooms, serial_shops,
          nicolae_shop_trees, minmay_misc_feat_enclosed
D:12:     layout_loops_corners, david_orc_3, minmay_misc_feat_square,
          doesnt_xom_only_xom, uniq_azrael
Temple:   compressed_dpeg_triangle_lava_temple

Skill      XL: |  1  2  3  4  5  6  7  8  9 10 11 12 |
---------------+-------------------------------------+-----
Dodging        | 3 5 |  5.6
Axes           | 3 5 6 7 8 9 |  9.0
Throwing       | 2 4 5 |  5.5
Armour         | 1 4 5 6 7 8 |  8.0
Fighting       | 5 6 7 |  7.9
Stealth        | 4 |  4.7
Invocations    | 1 4 5 |  5.8
Evocations     | 2 4 5 6 |  6.6
Shields        | 1 |  1.3
Long Blades    | 7 9 |  9.9
Polearms       | |  0.8

Action                   |  1- 3 |  4- 6 |  7- 9 | 10-12 || total
-------------------------+-------+-------+-------+-------++-------
Melee: War axe           |    84 |   151 |   370 |    88 ||   693
       Punch             |     1 |       |     3 |     1 ||     5
       Headbutt          |       |       |    31 |    82 ||   113
       Battleaxe         |       |       |       |   106 ||   106
       Glaive            |       |       |       |    17 ||    17
       Halberd           |       |       |       |     3 ||     3
       Triple sword      |       |       |       |   211 ||   211
Throw: Dart              |     3 |    18 |    38 |    10 ||    69
       Boomerang         |       |     4 |     5 |    18 ||    27
       Javelin           |       |       |     2 |       ||     2
       Throwing net      |       |       |     1 |       ||     1
Invok: Elemental Force   |       |       |       |     4 ||     4
       Upheaval          |       |       |       |     1 ||     1
Evoke: Wand              |       |       |       |     1 ||     1
       Phial of floods   |       |       |       |     1 ||     1
  Use: Potion            |       |     3 |     3 |     3 ||     9
       Scroll            |       |     7 |     6 |    12 ||    25
 Stab: Sleeping          |       |     3 |       |       ||     3
       Invisible         |       |       |     5 |       ||     5
       Distracted        |       |       |     1 |       ||     1
Armor: Leather armour    |     2 |       |       |       ||     2
       Ring mail         |    20 |    31 |       |       ||    51
       Chain mail        |       |    24 |       |       ||    24
       Plate armour      |       |     9 |   371 |   460 ||   840
Dodge: Dodged            |    49 |    98 |   201 |   281 ||   629
       Repelled          |       |       |       |     2 ||     2
Block: Other             |       |       |     5 |   202 ||   207
       Reflection        |       |       |       |    14 ||    14

Table legend: (Time is in decaauts)
 A = Elapsed time spent in this place.
 B = Non-inter-level travel time spent in this place.
 C = Inter-level travel time spent in this place.
 D = Time resting spent in this place.
 E = Time spent auto-exploring this place.
 F = Levels seen in this place.
 G = Mean time per level.
                   A        B        C        D        E       F      G
               +--------+--------+--------+--------+--------+-----+--------+
         Total |  18630 |  18482 |    148 |   6180 |   5824 |  14 | 1330.7 |
       Dungeon |  16892 |  16744 |    148 |   5706 |   5487 |  12 | 1407.7 |
        Temple |     30 |     30 |      0 |      0 |      0 |   1 |   30.0 |
        Bailey |   1707 |   1707 |      0 |    474 |    337 |   1 | 1707.0 |
               +--------+--------+--------+--------+--------+-----+--------+

Top non-repeatable levels by time:
     D:8: 2520 daAuts
     D:7: 2200 daAuts
    D:11: 1779 daAuts
  Bailey: 1707 daAuts
     D:2: 1656 daAuts
    D:10: 1561 daAuts
     D:6: 1528 daAuts
     D:9: 1419 daAuts
     D:3: 1166 daAuts
     D:4: 1101 daAuts
     D:1: 997 daAuts
     D:5: 780 daAuts
    D:12: 180 daAuts
  Temple: 30 daAuts
